 Dungeon Sprint DCSS version 0.30.1 (webtiles) character file.

Game seed: 13065894821798744749

222 boopmooplesden the Cruncher (level 7, -6/87 HPs)
             Began as a Demonspawn Gladiator on July 11, 2023.
             Was a Priest of Trog.
             Mangled by a naga warlord
             ... wielding a +0 hand axe
              (29 damage)
             ... in the Dungeon (Sprint VI: "Thunderdome").
             The game lasted 00:03:43 (502 turns).

boopmooplesden the Cruncher (Demonspawn Gladiator)   Turns: 502, Time: 00:03:43

Health: -6/87      AC:  4    Str: 16    XL:     7   Next: 17%
Magic:  0/7        EV: 15    Int: 24    God:    Trog [***...]
Gold:   220        SH:  4    Dex: 15    Spells: 6/6 levels left

rFire   + . .        a - +0 quarterstaff
rCold   + . .        (shield currently unavailable)
rNeg    . . .        s - +0 leather armour of Valour {Rampage rC+ Will+}
rPois   +            c - +0 helmet
rElec   +            (no cloak)
rCorr   +            (no gloves)
SInv    .            (no boots)
Will    +....        p - amulet of the Everdark {Spirit rF+} Stlth
                     q - ring "Sagafus" {Wiz rElec rPois Int+4 Slay+3}
HPRegen 0.34/turn    r - ring "Sijes" {Drain rElec rPois rCorr Int+7}
MPRegen 0.10/turn

%: no teleportation, guardian spirit, rampage, wizardry (x1)
@: berserking (expiring), very quick
A: spiny 1, big brain 2, condensation shield
a: Renounce Religion, Berserk, Trog's Hand


You were in the Dungeon.
You worshipped Trog.
Trog was most pleased with you.
You visited 1 branch You collected 600 gold pieces.
You spent 380 gold pieces at shops.

Inventory:

Hand Weapons
 a - a +0 quarterstaff (weapon)
Missiles
 d - a throwing net (quivered)
 e - a javelin
Armour
 b - a +0 leather armour
 c - a +0 helmet (worn)
 s - the +0 leather armour of Valour (worn) {Rampage rC+ Will+}
   (You bought it in a shop in the Dungeon)

   rC:        It protects you from cold.
   Rampage:   It bestows one free step when moving towards enemies.
   Will:      It increases your willpower.
Jewellery
 p - the amulet of the Everdark (around neck) {Spirit rF+}
   (You bought it in a shop in the Dungeon)

   [amulet of guardian spirit]

   It causes incoming damage to be divided between your reserves of health and
   magic.
   rF:        It protects you from fire.
 q - the ring "Sagafus" (left hand) {Wiz rElec rPois Int+4 Slay+3}
   (You bought it in a shop in the Dungeon)

   [ring of wizardry]

   It improves your spell success rate.
   Int:       It affects your intelligence (+4).
   Slay:      It affects your accuracy & damage with ranged weapons and melee
   (+3).
   rElec:     It insulates you from electricity.
   rPois:     It protects you from poison.
 r - the ring "Sijes" (right hand) {Drain rElec rPois rCorr Int+7}
   (You bought it in a shop in the Dungeon)

   [ring of resist corrosion]

   Int:       It affects your intelligence (+7).
   rElec:     It insulates you from electricity.
   rPois:     It protects you from poison.
   rCorr:     It protects you from acid and corrosion.
   Drain:     It drains your maximum health when unequipped.
Wands
 m - a wand of quicksilver (4)
 n - a wand of roots (2)
Scrolls
 k - 4 scrolls of blinking
 o - 3 scrolls of fog
Potions
 f - a potion of curing
 g - 4 potions of heal wounds
 h - 5 potions of haste
 i - 2 potions of magic
 j - a potion of berserk rage
 l - a potion of resistance


   Skills:
 + Level 6.0 Fighting
 + Level 9.4 Staves
 + Level 3.7 Throwing
 + Level 3.2 Armour
 + Level 7.2 Dodging
 + Level 5.0 Stealth
 + Level 0.9 Shields
 + Level 1.2 Evocations


You had 6 spell levels left.
You didn't know any spells.
Your spell library was empty.

Dungeon Overview and Level Annotations

Branches:
Dungeon (1/1)

Altars:
Cheibriados
Dithmenos
Fedhas
Gozag
Kikubaaqudgha
Makhleb
Okawaru
Qazlal
Ru
Sif Muna
Trog
Uskayaw
Vehumet
Wu Jian
Xom
Yredelemnul
Lugonu

Shops:
D *[??*?*:[((!!!!


Innate Abilities, Weirdness & Mutations

You are partially covered in sharp spines.
You have an extremely huge brain. (Int +4)
A meltable shield of frost defends you. (SH +4)


Message History

The naga warlord is severely wounded.
You block the naga warlord's attack.
You barely miss the naga warlord.
The naga warlord is severely wounded.
You feel sick.
You hit the naga warlord.
The naga warlord is severely wounded.
The naga warlord closely misses you. The naga warlord blocks your attack.
The naga warlord is severely wounded.
You feel sick.
You sock the naga warlord!
The naga warlord is severely wounded.
You block the anaconda's attack.
A black mamba comes into view.
The naga warlord barely misses you.
The black mamba hisses angrily.
You sock the naga warlord!
The naga warlord is severely wounded.
You feel sick.
You are no longer poisoned.
You block the anaconda's attack.
You hit the naga warlord.
The naga warlord is almost dead.
The naga warlord closely misses you. The anaconda bites you!
* * * LOW HITPOINT WARNING * * *
You closely miss the naga warlord.
The naga warlord is almost dead.
The anaconda bites you.
* * * LOW HITPOINT WARNING * * *
You sock the naga warlord!
The naga warlord is almost dead.
The naga warlord misses you. The anaconda is struck by your spines.
The anaconda misses you. The naga warlord blocks your attack.
The naga warlord is almost dead.
You block the anaconda's attack.
The naga warlord is struck by your spines.
The naga warlord hits you with a +0 hand axe!!
You die...

#_......._# #_......._#
###...[.....### #⌠...[.......⌠#
######.8)[)..((..8.######
##.___..)..)###.......__∩##
###∩........8.# #)8........∩###
##...........).###S.)..........#
#⌠...)......###.@.###..........⌠
#⌠..........# #.NS# #..........⌠
#⌠..........###...###..........⌠
##.............###.............#
###∩....†...8.# #.8........∩###
##∩_._.....)###.......__∩##
######.8.........8.######
#⌠...........§# ###.........###


You could see a naga warlord, an anaconda and a black mamba.

Vanquished Creatures
  A steam dragon (D)
  A sky beast (D)
  2 ogres (D)
  A killer bee (D)
  2 gnoll boudas (D)
  A hound (D)
  Jessica (D)
  4 gnolls (D)
  An orc (D)
  3 kobolds (D)
  A goblin (D)
18 creatures vanquished.

Vanquished Creatures (others)
  2 kobolds (D)
2 creatures vanquished.

Grand Total: 20 creatures vanquished

Notes
Turn   | Place    | Note
-------+----------+-------------------------------------------
     0 | D        | boopmooplesden the Demonspawn Gladiator began the quest for
                  | the Orb.
     0 | D        | Reached XP level 1. HP: 16/16 MP: 1/1
     0 | D        | Found a shimmering altar of Xom.
     3 | D        | Found a radiant altar of Vehumet.
     3 | D        | Found a corrupted altar of Lugonu.
     4 | D        | Found an opulent altar of Gozag.
     5 | D        | Found a sacrificial altar of Ru.
     5 | D        | Round 1.
     6 | D        | Found a stormy altar of Qazlal.
     6 | D        | Found Fonarrim's Identification Station.
     7 | D        | Found Tiosoc's Jewellery.
     7 | D        | Found Boamyt Pept's Advanced Armour.
    19 | D        | Reached skill level 3 in Staves
    19 | D        | Gained mutation: You have an unusually large brain. (Int
                  | +2) [demonic ancestry]
    19 | D        | Reached XP level 2. HP: 10/23 MP: 2/2
    20 | D        | Bought a bound amethyst amulet for 45 gold pieces
    20 | D        | Identified the amulet of the Everdark {Spirit rF+} (You
                  | bought it in a shop in the Dungeon)
    20 | D        | Bought a scorched lapis lazuli ring for 45 gold pieces
    20 | D        | Identified the ring "Sagafus" {Wiz rElec rPois Int+4
                  | Slay+3} (You bought it in a shop in the Dungeon)
    20 | D        | Bought a crude iron ring for 45 gold pieces
    20 | D        | Identified the ring "Sijes" {Drain rElec rPois rCorr Int+7}
                  | (You bought it in a shop in the Dungeon)
    30 | D        | Found a snail-covered altar of Cheibriados.
    31 | D        | Found a bloodstained altar of Trog.
    34 | D        | Found Ruaxeqog's Premium Goods.
    35 | D        | Found Mioplaup's Miscellaneous Merchandise.
    35 | D        | Found Poyneu's Basic Armour.
    38 | D        | Reached skill level 4 in Staves
    38 | D        | Gained mutation: You have an extremely huge brain. (Int +4)
                  | [demonic ancestry]
    38 | D        | Reached XP level 3. HP: 15/28 MP: 3/3
    42 | D        | Became a worshipper of Trog the Wrathful
    47 | D        | Found a basalt altar of Yredelemnul.
    47 | D        | Found an iron altar of Okawaru.
    47 | D        | Found Wouryam's Weapon Rack.
    57 | D        | Noticed an ogre
    65 | D        | Killed an ogre
    66 | D        | Reached skill level 6 in Staves
    66 | D        | Reached skill level 1 in Armour
    66 | D        | Reached skill level 5 in Dodging
    66 | D        | Reached XP level 4. HP: 29/37 MP: 4/4
    72 | D        | Found a hide-covered altar of Uskayaw.
    72 | D        | Noticed an ogre
    73 | D        | Found a shimmering blue altar of Sif Muna.
    73 | D        | Found an ancient bone altar of Kikubaaqudgha.
    74 | D        | Found a blossoming altar of Fedhas.
    80 | D        | Killed an ogre
    81 | D        | Reached skill level 7 in Staves
    81 | D        | Reached XP level 5. HP: 38/43 MP: 5/5
    81 | D        | Reached * piety under Trog
    82 | D        | Found a shadowy altar of Dithmenos.
    82 | D        | Found an ornate altar of the Wu Jian Council.
    84 | D        | Found Culid's Distillery.
    84 | D        | Found a burning altar of Makhleb.
    84 | D        | Found Udex's Do-It-Yourself Clinic.
    85 | D        | Found Fatuil's Distillery.
    85 | D        | Found Luggalir's Bottled Wisdom.
    97 | D        | Found Axzikhaj's Magic Scroll Shop.
    97 | D        | Found Fieleoz's Staff Store.
    98 | D        | Found Nipimeko's Magic Scroll Shop.
    98 | D        | Found Peiczus's Must-Have Magic.
   107 | D        | Noticed Jessica
   124 | D        | Killed Jessica
   124 | D        | Arena points: 14 (+14) [x2]
   153 | D        | Round 2.
   160 | D        | Reached ** piety under Trog
   176 | D        | Gained mutation: A meltable shield of frost defends you.
                  | (SH +4) [demonic ancestry]
   176 | D        | Reached XP level 6. HP: 34/49 MP: 3/6
   248 | D        | Reached skill level 8 in Staves
   282 | D        | Arena points: 50 (+36) [x3]
   325 | D        | Round 3.
   332 | D        | Reached *** piety under Trog
   333 | D        | Reached skill level 5 in Fighting
   384 | D        | Arena points: 122 (+72) [x4]
   399 | D        | Round 4.
   401 | D        | Noticed a sky beast
   413 | D        | Killed a sky beast
   413 | D        | Reached **** piety under Trog
   414 | D        | Reached skill level 9 in Staves
   418 | D        | Bought a warped leather armour for 245 gold pieces
   418 | D        | Identified the +0 leather armour of Valour {Rampage rC+
                  | Will+} (You bought it in a shop in the Dungeon)
   428 | D        | Noticed Edmund
   435 | D        | Noticed a steam dragon
   449 | D        | Killed a steam dragon
   450 | D        | Reached skill level 5 in Stealth
   450 | D        | Reached skill level 1 in Evocations
   450 | D        | Gained mutation: You are partially covered in sharp spines.
                  | [demonic ancestry]
   450 | D        | Reached XP level 7. HP: 44/58 MP: 5/7
   453 | D        | Noticed a troll
   453 | D        | Arena points: 222 (+100) [x5]
   468 | D        | Round 5.
   470 | D        | Noticed a naga warlord
   488 | D        | Noticed an anaconda
   497 | D        | Noticed a black mamba
   502 | D        | Mangled by a naga warlord

Illustrated notes

Levels and vault maps discovered:
D:        arena_sprint

Skill      XL: |  1  2  3  4  5  6 |
---------------+-------------------+-----
Staves         | 3 4 6 7 9 |  9.4
Throwing       | 2 3 |  3.7
Dodging        | 3 4 5 6 7 |  7.2
Fighting       | 3 4 6 |  6.0
Armour         | 1 2 3 |  3.2
Stealth        | 2 5 |  5.0
Evocations     | 1 |  1.2
Shields        | |  0.9

Action                     |  1- 3 |  4- 6 |  7- 9 || total
---------------------------+-------+-------+-------++-------
  Melee: Quarterstaff      |     8 |    56 |    22 ||    86
  Throw: Throwing net      |     1 |     2 |       ||     3
 Invoke: Berserk           |       |     2 |     1 ||     3
         Brothers in Arms  |       |       |     1 ||     1
  Evoke: Wand              |       |     4 |       ||     4
   Stab: Held in net/web   |     1 |     4 |       ||     5
 Armour: Leather armour    |       |     3 |       ||     3
  Dodge: Dodged            |     3 |    28 |     6 ||    37
  Block: Other             |       |     3 |     6 ||     9
